 Dungeon Crawl Stone Soup version 0.30-a0-1094-g860fb061e7 (webtiles) character file.

Game seed: 16235792249087517920

574993 ytrimaz the Conqueror (level 27, -23/249 HPs)
             Began as a Formicid Fighter on Apr 14, 2023.
             Was an Elder of Okawaru.
             Killed from afar by a Hell Sentinel (33 damage)
             ... with an iron shot
             ... on level 16 of a ziggurat on Apr 18, 2023.
             The game lasted 01:41:44 (57497 turns).

ytrimaz the Conqueror (Formicid Fighter)           Turns: 57497, Time: 01:41:44

Health: -23/249    AC: 50    Str: 42    XL:     27
Magic:  45/46      EV: 25    Int: 13    God:    Okawaru [****..]
Gold:   6015       SH: 39    Dex: 18    Spells: 26/26 levels left

rFire   + + .      SeeInvis +    o - +2 executioner's axe (flame)
rCold   + + .      Faith    .    K - +8 tower shield of Okawaru's Reproof {+Blink rN+}
rNeg    + . .      Spirit   .    t - +9 gold dragon scales
rPois   +          Reflect  +    (helmet unavailable)
rElec   +          Rampage  .    W - +4 cloak of the Morning {MP+9 Str+4}
rCorr   .                        B - +3 pair of gloves "Lecw" {Str+8 Dex-2}
Will    ++...                    (boots unavailable) Stlth
                                 O - amulet of reflection
HPRegen 0.61/turn                g - ring of Asih {rC+ EV+5}
MPRegen 0.30/turn                P - ring of the Queen {rElec AC+4 Int+3}

@: heroic, studying Dodging
A: permanent stasis, dig shafts and tunnels, antennae 3, four strong arms,
hooves 3, agile 2, clever 1, fire resistance 1, weak 1
}: 4/15 runes: decaying, slimy, silver, gossamer
a: Dig, Shaft Self, Renounce Religion, Heroism, Finesse


You were on level 16 of a ziggurat.
You worshipped Okawaru.
Okawaru was greatly pleased with you.
You visited 10 branches of the dungeon, and saw 48 of its levels.
You visited the Abyss 2 times.
You visited 1 ziggurat, and saw 16 of its levels.
You also visited: Trove and Gauntlet.

You collected 9047 gold pieces.
You spent 3032 gold pieces at shops.


Innate Abilities, Weirdness & Mutations

You cannot be hasted, slowed, berserked, paralysed or teleported.
You can dig through walls and to a lower floor.
You have a pair of large antennae on your head. (SInv)
Your four strong arms can wield two-handed weapons with a shield.
You have hooves in place of feet.
You are very agile. (Dex +8, Str/Int -2)
Your mind is acute. (Int +4, Str/Dex -1)
Your flesh is heat resistant. (rF+)
You are weak. (Str -2)


   Skills:
 O Level 27 Fighting
 - Level 24.2(27) Axes
 - Level 20.7(25.7) Armour
 + Level 16.3(21.3) Dodging
 - Level 22.0(27) Shields
 - Level 20.0 Invocations
 - Level 17.0 Evocations


You had 26 spell levels left.
You didn't know any spells.
Your spell library contained the following spells:

 Spells                   Type           Power      Damage    Failure   Level
 Beastly Appendage        Tmut           0%         N/A       75%         1
 Foxfire                  Conj/Fire      0%         2x1d4     75%         1
 Kiss of Death            Conj/Necr      0%         2d5       75%         1
 Necrotise                Necr           0%         1d4       75%         1
 Sandblast                Erth           0%         2d4       75%         1
 Shock                    Conj/Air       0%         1d3       75%         1
 Sting                    Tmut/Pois      0%         1d3       75%         1
 Lesser Beckoning         Tloc           0%         N/A       86%         2
 Momentum Strike          Conj/Tloc      0%         3d8       86%         2
 Passwall                 Tmut/Erth      0%         N/A       86%         2
 Poisonous Vapours        Pois/Air       0%         N/A       86%         2
 Scorch                   Fire           0%         2d5       86%         2
 Sublimation of Blood     Necr           0%         N/A       86%         2
 Wereblood                Tmut           0%         N/A       86%         2
 Confusing Touch          Hex            0%         N/A       98%         3
 Gell's Gravitas          Tloc           0%         N/A       98%         3
 Ignite Poison            Fire/Tmut/Pois 0%         N/A       98%         3
 Inner Flame              Hex/Fire       0%         N/A       98%         3
 Mephitic Cloud           Conj/Pois/Air  0%         N/A       98%         3
 Portal Projectile        Hex/Tloc       0%         N/A       98%         3
 Spider Form              Tmut/Pois      0%         N/A       98%         3
 Stone Arrow              Conj/Erth      0%         3d7       98%         3
 Teleport Other           Tloc           0%         N/A       98%         3
 Vampiric Draining        Necr           0%         2d6       98%         3
 Volatile Blastmotes      Fire/Tloc      0%         2d10      98%         3
 Airstrike                Air            0%         2d(0-16)  100%        4
 Anguish                  Hex/Necr       0%         N/A       100%        4
 Cause Fear               Hex            0%         N/A       100%        4
 Dispel Undead            Necr           0%         3d6       100%        4
 Flame Wave               Conj/Fire      0%         2d4       100%        4
 Fulminant Prism          Conj/Hex       0%         3d5       100%        4
 Iskenderun's Mystic Bla  Conj/Tloc      0%         2d3       100%        4
 Leda's Liquefaction      Hex/Erth       0%         N/A       100%        4
 Olgreb's Toxic Radiance  Pois           0%         N/A       100%        4
 Passage of Golubria      Tloc           0%         N/A       100%        4
 Petrify                  Tmut/Erth      0%         N/A       100%        4
 Sticky Flame             Conj/Fire      0%         2d3       100%        4
 Agony                    Necr           0%         N/A       100%        5
 Arcjolt                  Conj/Air       0%         1d10      100%        5
 Blade Hands              Tmut           0%         N/A       100%        5
 Borgnjor's Vile Clutch   Necr/Erth      0%         N/A       100%        5
 Fireball                 Conj/Fire      0%         3d3       100%        5
 Irradiate                Conj/Tmut      0%         3d11      100%        5
 Iskenderun's Battlesphe  Conj           0%         2d6       100%        5
 Lee's Rapid Deconstruct  Erth           0%         3d4*      100%        5
 Metabolic Englaciation   Hex/Ice        0%         N/A       100%        5
 Yara's Violent Unravell  Hex/Tmut       0%         3d3       100%        5
 Conjure Ball Lightning   Conj/Air       0%         3x3d6     100%        6
 Dispersal                Tloc           0%         N/A       100%        6
 Eringya's Noxious Bog    Tmut/Pois      0%         N/A       100%        6
 Iron Shot                Conj/Erth      0%         9d1       100%        6
 Plasma Beam              Fire/Air       0%         2x1d11    100%        6
 Starburst                Conj/Fire      0%         6d3       100%        6
 Statue Form              Tmut/Erth      0%         N/A       100%        6
 Dragon Form              Tmut           0%         N/A       100%        7
 Enfeeble                 Hex            0%         N/A       100%        7
 Orb of Destruction       Conj           0%         9d5       100%        7
 Ignition                 Fire           0%         3d3       100%        8
 Blink                    Tloc           Unusable   N/A       N/A         2
 Call Canine Familiar     Summ           Unusable   N/A       N/A         3
 Swiftness                Air            Unusable   N/A       N/A         3
 Tukima's Dance           Hex            Unusable   N/A       N/A         3
 Vhi's Electric Charge    Tloc/Air       Unusable   N/A       N/A         3
 Animate Armour           Summ/Erth      Unusable   N/A       N/A         4
 Summon Forest            Summ/Tloc      Unusable   N/A       N/A         5
 Death Channel            Necr           Unusable   N/A       N/A         6
 Spellforged Servitor     Conj/Summ      Unusable   N/A       N/A         7
 Summon Hydra             Summ           Unusable   N/A       N/A         7

Inventory:

Hand Weapons
 o - a +2 executioner's axe of flaming (weapon)
   (Okawaru gifted it to you on level 2 of the Depths)
Armour
 l - a scarf of resistance
   (You found it on level 4 of the Spider Nest)
 q - the +0 pair of fencer's gloves {Riposte Dex+3}
   (You acquired it on level 4 of a ziggurat)

   Riposte:   It allows the wearer to riposte with melee weapons, swiftly
   retaliating against missed or blocked melee attacks.
   Dex:       It affects your dexterity (+3).
 t - +9 gold dragon scales (worn)
   (You found it on level 2 of the Depths)
 B - the +3 pair of gloves "Lecw" (worn) {Str+8 Dex-2}
   (Okawaru gifted it to you on level 13 of the Dungeon)

   Str:       It affects your strength (+8).
   Dex:       It affects your dexterity (-2).
 K - the +8 tower shield of Okawaru's Reproof (worn) {+Blink rN+}
   (Okawaru gifted it to you on level 4 of the Vaults)

   rN:        It protects you from negative energy.
   +Blink:    It lets you blink.
 U - the +7 crystal plate armour of Submission {Will+ Int+2 Stlth+}
   (Okawaru gifted it to you on level 13 of a ziggurat)

   Int:       It affects your intelligence (+2).
   Will:      It increases your willpower.
   Stlth:     It makes you more stealthy.
 W - the +4 cloak of the Morning (worn) {MP+9 Str+4}
   (You found it on level 12 of a ziggurat)

   Str:       It affects your strength (+4).
   MP:        It affects your magic capacity (+9).
Jewellery
 f - an amulet of magic regeneration
   (You found it on level 4 of a ziggurat)
 g - the ring of Asih (left hand) {rC+ EV+5}
   (You found it in a Gauntlet)

   [ring of evasion]

   EV:        It affects your evasion (+5).
   rC:        It protects you from cold.
 p - a +5 ring of evasion
   (You found it on level 5 of a ziggurat)
 w - a +6 ring of intelligence
   (You found it on level 7 of a ziggurat)
 y - a +4 ring of protection
   (You took it off a vault warden on level 4 of the Vaults)
 D - a ring of resist corrosion
   (You found it on level 14 of a ziggurat)
 F - a +6 ring of intelligence
   (You found it on level 10 of a ziggurat)
 J - a ring of willpower
   (You found it on level 9 of a ziggurat)
 L - a ring of protection from cold
   (You found it on level 10 of a ziggurat)
 N - an amulet of faith
   (You found it on level 15 of a ziggurat)
 O - an amulet of reflection (around neck)
   (You bought it in a shop on level 9 of the Dungeon)
 P - the ring of the Queen (right hand) {rElec AC+4 Int+3}
   (You took it off a deep elf annihilator on level 3 of the Elven Halls)

   [ring of protection]

   AC:        It affects your AC (+4).
   Int:       It affects your intelligence (+3).
   rElec:     It insulates you from electricity.
 Q - an amulet of regeneration
   (You took it off a tengu reaver on level 5 of the Vaults)
 R - the amulet of Paricask {Acrobat rCorr}
   (You acquired it on level 2 of the Lair of Beasts)

   [amulet of the acrobat]

   It increases your evasion while moving and waiting.
   rCorr:     It protects you from acid and corrosion.
 S - a ring of poison resistance
   (You found it on level 10 of a ziggurat)
 Z - a ring of wizardry
   (You found it on level 12 of a ziggurat)
Wands
 d - a wand of quicksilver (23)
   (You found it on level 5 of the Dungeon)
 h - a wand of flame (106) (quivered)
   (You found it on level 3 of the Dungeon)
 v - a wand of iceblast (86)
   (You found it on level 13 of the Dungeon)
 C - a wand of mindburst (58)
   (You found it on level 6 of the Dungeon)
 H - a wand of digging (19)
   (You found it on level 10 of the Dungeon)
 T - a wand of paralysis (32)
   (You found it on level 5 of the Lair of Beasts)
 X - a wand of polymorph (35)
   (You found it in a Gauntlet)
Scrolls
 b - 7 scrolls of brand weapon
 k - 5 scrolls of fear
 m - 23 scrolls of fog
 r - 3 scrolls of amnesia
 u - 14 scrolls of poison
 z - 14 scrolls of noise
 E - 37 scrolls of identify
 M - 20 scrolls of enchant weapon
 V - 8 scrolls of silence
 Y - 10 scrolls of magic mapping
Potions
 a - 2 potions of resistance
 c - 2 potions of flight
 e - 2 potions of invisibility
 i - 22 potions of attraction
 j - 3 potions of curing
 n - 6 potions of mutation
 s - 7 potions of magic
 x - 7 potions of lignification
 A - 6 potions of might
 G - 2 potions of ambrosia
 I - a potion of cancellation

Dungeon Overview and Level Annotations

Branches:
Dungeon (15/15) Zot: 22872  Temple (1/1) D:4 Zot: 5796    Lair (5/5) D:10 Zot: 24507
  Swamp (4/4) Lair:3 Zot: 20752  Spider (4/4) Lair:3 Zot: 18981   Slime (5/5) Lair:4 Zot: 26121
    Orc (2/2) D:9 Zot: 9717     Elf (3/3) Orc:2 Zot: 13713  Vaults (5/5) D:14 Zot: 19160
  Crypt (0/3) Vaults:3     Depths (4/4) D:15 Zot: 18911     Zot (0/5) Depths:4
Gauntlet (visited)

Altars:
Ashenzari
Cheibriados
Dithmenos
Elyvilon
Fedhas
Gozag
Hepliaklqana
Kikubaaqudgha
Makhleb
Nemelex Xobeh
Okawaru
Qazlal
Ru
Sif Muna
Trog
Uskayaw
Vehumet
Wu Jian
Xom
Yredelemnul
Zin
The Shining One
Jiyva

Shops:
D:1 ?   D:4 (   D:9 :=   D:10 [   D:14 ?   Orc:1 [   Orc:2 =[?[   Elf:1 [([
Elf:2 [   Elf:3 [   Vaults:1 ?   Vaults:3 (   Vaults:5 *   Depths:2 ?

Portals:
Hell: Depths:1 Depths:2 Depths:3 Depths:4
Abyss: Depths:1 Depths:2 Depths:3
Pandemonium: Depths:2

Annotations:
D:10 4 transporters
D:14 exclusion: orange crystal statue
Vaults:2 1 transporter

.12..................▓
1{2{.................▓▓
!r.................∩..▓
11....§..............▓▓
.1..§.§..............▓
.....{§..............▓
.E..{{91b............▓
...§.r211§..........▓▓
.....{§1@1..........▓
....§§§C§§.........▓▓
....§§§...........▓▓
....§............▓▓
▓...§...........▓▓
▓▓▓...........▓▓▓
▓▓▓▓▓▓.▓▓▓▓▓▓ ▓▓▓


You could see an iron giant, 5 Hell Sentinels, a caustic shrike, a war gargoyle
and a tormentor.


Message History

The Hell Sentinel hits you!
* * * LOW HITPOINT WARNING * * *
The Hell Sentinel misses you. 😨 HP[-16]
You take 16 damage, and now have 94/249 hp.
Unknown command.
You barely miss the caustic shrike. You kick the caustic shrike!
You kill the caustic shrike!
Okawaru accepts your kill.
You closely miss the hellion.
You hit the iron giant but do no damage.
You hit the Hell Sentinel but do no damage.
You block the hellion's attack. 😨 HP[+1] Unknown command.
You chop the iron giant into pieces!!! You kick the iron giant.
You slash the hellion! You burn the hellion. You slash the Hell Sentinel!
You block the hellion's attack.
The iron giant throws the hellion at you!
* * * LOW HITPOINT WARNING * * *
The Hell Sentinel hits you!!
* * * LOW HITPOINT WARNING * * *
You block the Hell Sentinel's attack.
The iron giant hits you with a +0 giant club!!!
* * * LOW HITPOINT WARNING * * *
😱 HP[-76]
You take 76 damage, and now have 19/249 hp.
MASSIVE DAMAGE!! (PAUSE) Unknown command.
Okay, then.
Unknown command.
You slice the iron giant!! You burn the iron giant.
You kick the iron giant, but do no damage.
You hit the Hell Sentinel. You barely miss the hellion. You hit the hellion.
You burn the hellion. You hit the Hell Sentinel.
You block the hellion's attack. x2; The iron giant closely misses you.
The Hell Sentinel hits you!
* * * LOW HITPOINT WARNING * * *
The Hell Sentinel hits you but does no damage. 😱 HP[-16]
You take 16 damage, and now have 3/249 hp.
Unknown command.
You feel better. The hellion closely misses you.
You block the hellion's attack. The iron giant completely misses you.
The Hell Sentinel misses you.
The Hell Sentinel completely misses you.
You block the Hell Sentinel's attack. x2
The iron giant casts a spell at you. The iron shot misses you.
The iron shot hits the Hell Sentinel!!
You hear a roar! 😱 HP[+5]
You regained 5 hp, and now have 8/249 hp.
You gain the combat prowess of a mighty hero.
You block the hellion's attack.
The hellion hits you but does no damage.
You block the Hell Sentinel's attack.
The Hell Sentinel hits you but does no damage.
The iron giant hits you but does no damage.
The iron giant gestures at you while chanting.
The iron shot misses you.
The iron shot hits the Hell Sentinel!!!
The Hell Sentinel completely misses you.
You block the Hell Sentinel's attack. x2; The Hell Sentinel closely misses you.
The hellion completely misses you. 😱 HP[+1] MP[-2]
You lost 2 mp, and now have 44/46 mp.
You hit the iron giant. You burn the iron giant.
You kick the iron giant, but do no damage.
You hit the hellion. You burn the hellion. You slice the hellion!!
You burn the hellion!
You kill the hellion!
Okawaru accepts your kill.
You slice the Hell Sentinel like a ripe choko!!!
You kill the Hell Sentinel!
Okawaru accepts your kill.
You hit the Hell Sentinel but do no damage.
You hit the iron giant but do no damage.
You open the Hell Sentinel like a pillowcase!!!
A war gargoyle comes into view.
It is wielding a +2 dire flail of holy wrath.
Unknown command.
You slash the iron giant! You burn the iron giant.
You kick the iron giant, but do no damage.
You slash the hellion! You burn the hellion. You slice the Hell Sentinel!!
You slice the iron giant!! You burn the iron giant.
You slash the Hell Sentinel!
The hellion hits you but does no damage.
You block the iron giant's attack. x2
A caustic shrike comes into view. 😱 HP[+1]
You open the iron giant like a pillowcase!!!!
You burn the iron giant.
You kill the iron giant!
Okawaru accepts your kill.
You completely miss the iron giant. You slash the Hell Sentinel!
You slice the hellion!! You burn the hellion.
You kill the hellion!
Okawaru accepts your kill.
You slice the Hell Sentinel!! You barely miss the Hell Sentinel.
The Hell Sentinel gestures at you. The iron shot hits you!!
You die...

Skill      XL: |  1  2  3  4  5  6  7  8  9 10 11 12 13 14 15 16 17 18 19 20 21 22 23 24 25 26 27 |
---------------+----------------------------------------------------------------------------------+-----
Axes           | 3 4 5 7 8 10 12 13 14 15 16 18 19 20 21 24 | 24.2
Invocations    | 3 7 11 12 20 | 20.0
Armour         | 6 9 10 12 13 14 16 18 20 | 20.7
Shields        | 9 14 17 20 22 | 22.0
Fighting       | 5 9 10 14 16 18 20 21 23 26 27 | 27.0
Evocations     | 5 16 17 | 17.0
Dodging        | 16 | 16.3

Action                     |  1- 3 |  4- 6 |  7- 9 | 10-12 | 13-15 | 16-18 | 19-21 | 22-24 | 25-27 || total
---------------------------+-------+-------+-------+-------+-------+-------+-------+-------+-------++-------
  Melee: War axe           |    87 |   117 |    41 |       |       |   470 |   389 |   422 |   302 ||  1828
         Broad axe         |       |       |    75 |   263 |   641 |   203 |       |       |       ||  1182
         Unarmed           |       |       |       |       |    11 |       |       |       |       ||    11
         Battleaxe         |       |       |       |       |       |     5 |   739 |   551 |       ||  1295
         Kick              |       |       |       |       |       |       |     5 |   457 |   533 ||   995
         Executioner's axe |       |       |       |       |       |       |       |       |   703 ||   703
 Invoke: Heroism           |       |       |     2 |     9 |    10 |    14 |    13 |     8 |    20 ||    76
         Finesse           |       |       |       |     1 |       |     5 |     5 |     5 |     5 ||    21
         Duel              |       |       |       |       |       |     2 |     1 |     2 |     3 ||     8
Ability: Dig               |       |       |       |       |       |     1 |       |       |       ||     1
  Evoke: Wand              |       |       |       |       |     4 |       |       |     8 |     6 ||    18
    Use: Scroll            |     2 |     9 |     7 |     5 |     7 |     4 |       |     2 |    16 ||    52
         Potion            |       |       |     5 |     3 |     2 |     6 |     7 |     2 |    17 ||    42
   Stab: Invisible         |       |       |       |     4 |       |    22 |       |       |     3 ||    29
         Distracted        |       |       |       |       |       |     1 |       |       |       ||     1
         Petrified         |       |       |       |       |       |       |       |       |     2 ||     2
         Petrifying        |       |       |       |       |       |       |       |       |     1 ||     1
         Confused          |       |       |       |       |       |       |       |       |     3 ||     3
 Armour: Ring mail         |     3 |       |       |       |       |       |       |       |       ||     3
         Scale mail        |     3 |       |       |       |       |       |       |       |       ||     3
         Plate armour      |    54 |    82 |       |       |       |       |    19 |   316 |    78 ||   549
         Storm dragon scal |       |       |    86 |   143 |   180 |   157 |   518 |       |       ||  1084
         Skin              |       |       |       |       |     2 |       |       |       |       ||     2
         Gold dragon scale |       |       |       |       |       |       |       |       |   390 ||   390
  Dodge: Dodged            |    27 |    33 |    58 |    82 |   130 |   229 |   366 |   233 |   187 ||  1345
         Repelled          |       |       |       |       |       |    20 |    16 |     9 |       ||    45
  Block: Buckler           |    27 |    38 |    45 |    34 |       |       |       |       |       ||   144
         Tower shield      |       |       |       |   250 |   794 |   812 |  1261 |  1069 |  1374 ||  5560
         Reflection        |       |       |       |     4 |    42 |    57 |    21 |    90 |    42 ||   256
         Other             |       |       |       |       |     4 |       |       |       |       ||     4

Levels and vault maps discovered:
D:1:      dpeg_arrival_stonehenge_8_columns, layout_basic, serial_shops,
          nicolae_lakefront_shop, minmay_hexomino_u4
D:2:      layout_basic, corexii_shack
D:3:      layout_basic, dilly_guarded_unrand_throatcut
D:4:      layout_rooms, minmay_temple_entry_antechambers, serial_shops,
          nicolae_shop_competitors_out_of_business, grunt_ministairs_11,
          minivault_14
D:5:      layout_rooms, mainiacjoe_overflow_tiny_flanked,
          lemuel_coloured_pillars_altar, grunt_decor_one_mirror,
          minmay_misc_feat_ornament, minmay_misc_feat_diagonals, uniq_menkaure,
          uniq_edmund
D:6:      layout_cave_pools, minmay_misc_feat_encased,
          hangedman_abyss_or_decor_stabs, minmay_fire_ice_demons
D:7:      layout_basic, mainiacjoe_overflow_alcove_1, kennysheep_crisscross
D:8:      layout_basic, marbit_many_paths, fedhas_bush_and_centaur_altar
D:9:      layout_cave_pools, erik_orc_4, serial_shops, kennysheep_mini,
          nicolae_shop_trees
D:10:     layout_roguey, lair_entry_dummy, trove_entry_hex_spiral, serial_shops,
          nicolae_shop_trees, nicolae_transporter_circle
D:11:     layout_roguey [special_room_orc], gammafunk_ghost_berserking_beasts,
          hangedman_corner_corridor
D:12:     layout_rooms, minmay_mirror_moons_of_madness
D:13:     layout_roguey, minmay_crystal_room, minmay_misc_feat_hallway,
          lightli_church_of_beogh, uniq_urug
D:14:     layout_gridville, david_vaults_2, minmay_misc_feat_tower,
          serial_shops, nicolae_square_shop, st_stairs_14,
          minmay_protected_statue
D:15:     hangedman_depths_entry_try_elsewhere_first, layout_loops_cross,
          ashenzari_conservatory_becter, dk_noncrumbling_3,
          minmay_misc_feat_secret_circle
Temple:   nicolae_temple_bog_church
Lair:1:   layout_roguey, grunt_megastairs_3, infiniplex_staircase_pool
Lair:2:   layout_loops_ring, beast_lair_carwin_7, grunt_megastairs_2,
          infiniplex_staircase_pool_2, lemuel_fruit_tree
Lair:3:   layout_cave_pods, minmay_swamp_entry_worms,
          nicolae_spider_entry_lesser_pyramids, gauntlet_entry_generic,
          uniq_kirke, uniq_nergalle
Lair:4:   layout_layer_cave, nicolae_slime_entry_field_trip
Lair:5:   hangedman_lair_tendril_chambers, layout_hall_layers,
          guppyfry_lair_end_dragon, bh_autumn_forest_stairs, hibernation_bobbens
Swamp:1:  nicolae_swamp_decorative_isthmus, layout_falls_marsh,
          evilmike_swamp_ruin_house_4, uniq_roxanne
Swamp:2:  layout_basic_swamp, hangedman_swamp_cone
Swamp:3:  layout_basic_swamp, nicolae_swamp_treefoil
Swamp:4:  swamp, layout_basic_swamp, gammafunk_ghost_hydra_chop
Spider:1: layout_chambers
Spider:2: layout_spider_delve, nicolae_spider_webbed_stairs
Spider:3: layout_spider_delve, nicolae_spider_shape, uniq_agnes
Spider:4: hellmonk_spider_rune_bug_friends
Slime:1:  layout_caves
Slime:2:  layout_caves, amcnicky_altar_lugonu_corruption
Slime:3:  layout_caves
Slime:4:  layout_caves
Slime:5
Orc:1:    layout_caves, serial_shops, shop, mines1_david
Orc:2:    kennysheep_orc_mage_school, layout_caves, basic_altar
Elf:1:    layout_gridlike, basic_altar, kennysheep_underground_church,
          roderic_lattice_octagonal_star, minmay_shop_star
Elf:2:    nicolae_elf_blades_crystal_corner, layout_geoelf_diagonals,
          serial_shops, shop, lemuel_upstairs_altar, lemuel_elevator, uniq_aizul
Elf:3:    minmay_elf_hall_furrowed, layout_gridlike, serial_shops,
          nicolae_shop_tiny_statue_garden, uniq_louise
Vaults:1: ontoclasm_vaults_ring_small, hangedman_vaults_slice, v_misc_1,
          vaults_room_door_hall, hangedman_vaults_impose, ontoclasm_vaults_spin,
          vaults_mumra_chevron, ontoclasm_vaults_eye, vaults_dpeg_ring,
          nicolae_vaults_sealed_display, layout_vaults_omnigrid, serial_shops,
          nicolae_shop_just_a_little_nook
Vaults:2: grunt_vaults_bifocal, hangedman_vaults_unwind, hangedman_vaults_locks,
          v_misc_12, nicolae_vaults_triangles, v_misc_14, v_misc_25,
          emtedronai_trogs_sanctum, nicolae_vaults_mini_display_case,
          nicolae_vaults_ring_of_whatevers, layout_vaults_omnibox, uniq_jory
Vaults:3: nicolae_vaults_ninety_degrees, blue_anna_dwarven_crypt, v_misc_33,
          nicolae_vaults_hallways_thing, hangedman_vaults_nodes,
          nicolae_vaults_bisected_slash, hangedman_vaults_impose,
          vaults_mumra_chevron_long, nicolae_vaults_little_squares_1,
          layout_vaults_chaotic_city, serial_glass, serial_shops, shop
Vaults:4: v_rooms_5, v_misc_11, hangedman_vaults_variations,
          nicolae_vaults_little_squares_1, hangedman_vaults_pinch,
          v_alt_pattern_3, vaults_room_ringed_pool, vaults_mumra_hexcomb,
          nicolae_vaults_three_branches, kb_rosetta, vaults_room_semicircle,
          vaults_room_semicircle, nicolae_vaults_little_squares_2,
          vaults_dpeg_hooks, nicolae_vaults_asterisk, layout_vaults_ring,
          serial_shops
Vaults:5: uniq_mennas, uniq_boris
Depths:1: layout_twisted_cross, lemuel_blue_sif_altar, abyss_entry, hell_entry,
          hangedman_stitches_earthworm
Depths:2: grunt_crosshair, layout_honeycomb, pf_coc_iceberg,
          nicolae_abyss_entry_one_way_or_another, rand_demon_pan_entry_8,
          serial_shops, shop
Depths:3: regret_index_uskayaw_diablada_macabre, layout_honeycomb,
          ziggurat_fallback, abyss_entry, grunt_metal_band,
          lemuel_flamethrower_3, infiniplex_staircase_pool_1
Depths:4: grunt_x_marks_the_spot, layout_cave_pools, hell_entry, st_stairs_1,
          chequers_serial_rivers_small_3, serial_sigils_hangedman_gut
Zig:16

Notes
Turn   | Place    | Note
-------+----------+-------------------------------------------
     0 | D:1      | ytrimaz the Formicid Fighter began the quest for the Orb.
     0 | D:1      | Reached XP level 1. HP: 18/18 MP: 1/1
     0 | D:1      | magus.rc [v1.9.6]
   178 | D:1      | Reached XP level 2. HP: 10/24 MP: 2/2
   386 | D:1      | You pick up a book of Maledictions and begin reading...
   386 | D:1      | You add the spells Anguish and Enfeeble to your library.
   399 | D:1      | Reached skill level 3 in Axes
   479 | D:1      | Found Feerisa's Magic Scroll Shop.
   490 | D:1      | Bought a scroll of identify for 20 gold pieces
   490 | D:1      | Bought a scroll of fog for 40 gold pieces
   608 | D:1      | Reached XP level 3. HP: 29/29 MP: 3/3
   671 | D:2      | Identified the +5 dagger "Deh Vuva" {venom, rPois rCorr}
   814 | D:2      | You add the spells Gell's Gravitas, Teleport Other and
                  | Dispersal to your library.
   856 | D:2      | Reached skill level 4 in Axes
   856 | D:2      | Reached XP level 4. HP: 35/35 MP: 4/4
  1039 | D:2      | You pick up a book of Changes and begin reading...
  1039 | D:2      | You add the spells Beastly Appendage, Wereblood and Spider
                  | Form to your library.
  1574 | D:3      | You pick up a book of Spatial Translocations and begin
                  | reading...
  1574 | D:3      | You add the spells Momentum Strike and Lesser Beckoning to
                  | your library.
  1739 | D:3      | Found the +7 Throatcutter {drain, coup de grace}
  1828 | D:3      | Reached skill level 5 in Axes
  1828 | D:3      | Reached XP level 5. HP: 21/41 MP: 5/5
  2121 | D:4      | Reached XP level 6. HP: 22/47 MP: 6/6
  2267 | D:4      | Found Uvvua's Antique Weapon Boutique.
  2362 | D:4      | Reached skill level 6 in Axes
  2501 | D:4      | Reached skill level 7 in Axes
  2501 | D:4      | Reached XP level 7. HP: 52/52 MP: 7/7
  2755 | D:4      | You add the spells Sting, Poisonous Vapours and Olgreb's
                  | Toxic Radiance to your library.
  2771 | D:4      | Found a staircase to the Ecumenical Temple.
  2815 | Temple   | Entered the Ecumenical Temple
  2990 | Temple   | Became a worshipper of Warmaster Okawaru
  3043 | D:5      | Entered Level 5 of the Dungeon
  3085 | D:5      | Noticed Menkaure
  3108 | D:5      | HP: 6/52 [Menkaure (12)]
  3109 | D:5      | Killed Menkaure
  3110 | D:5      | Reached skill level 2 in Invocations
  3305 | D:5      | Found an ornate altar of the Wu Jian Council.
  3319 | D:5      | Reached skill level 8 in Axes
  3319 | D:5      | Reached skill level 3 in Invocations
  3319 | D:5      | Reached XP level 8. HP: 51/58 MP: 10/10
  3441 | D:4      | Bought an iridescent broad axe for 243 gold pieces
  3441 | D:4      | Identified the +4 broad axe of the Wasp {heavy, Fragile
                  | rCorr Dex+8 Stlth+} (You bought it in a shop on level 4 of
                  | the Dungeon)
  3584 | D:5      | Noticed Edmund
  3591 | D:5      | Killed Edmund
  3591 | D:5      | Reached * piety under Okawaru
  3592 | D:5      | Reached skill level 4 in Invocations
  3723 | D:5      | Found an opulent altar of Gozag.
  3885 | D:6      | Reached skill level 5 in Invocations
  4022 | D:6      | Reached skill level 6 in Invocations
  4039 | D:6      | Reached skill level 7 in Invocations
  4039 | D:6      | Reached XP level 9. HP: 19/64 MP: 11/14
  4039 | D:6      | Reached ** piety under Okawaru
  4040 | D:6      | Reached skill level 9 in Axes
  4045 | D:6      | HP: 15/64 [gnoll bouda/+2 whip of venom (7)]
  4671 | D:7      | Found a hazy altar of Hepliaklqana.
  4790 | D:7      | Reached skill level 4 in Armour
  4888 | D:7      | Reached skill level 10 in Axes
  5180 | D:8      | Noticed a two-headed ogre
  5186 | D:8      | Killed a two-headed ogre
  5186 | D:8      | Reached *** piety under Okawaru
  5187 | D:8      | Reached skill level 5 in Armour
  5307 | D:8      | Reached skill level 6 in Armour
  5331 | D:8      | Reached XP level 10. HP: 61/70 MP: 15/15
  5333 | D:8      | Reached skill level 11 in Axes
  5339 | D:8      | Reached skill level 7 in Armour
  5844 | D:8      | Found a blossoming altar of Fedhas.
  5883 | D:8      | Noticed a two-headed ogre
  5889 | D:8      | Killed a two-headed ogre
  5889 | D:8      | Reached **** piety under Okawaru
  5890 | D:8      | Reached skill level 8 in Armour
  6126 | D:8      | Found a white marble altar of Elyvilon.
  6337 | D:9      | Reached ***** piety under Okawaru
  6338 | D:9      | Reached skill level 12 in Axes
  6343 | D:9      | Found a staircase to the Orcish Mines.
  6376 | D:9      | Reached skill level 9 in Armour
  6501 | D:9      | Found Ischownoche's Book Shop.
  6631 | D:9      | Reached XP level 11. HP: 36/75 MP: 16/16
  6766 | D:9      | Found Iwyteh Keyri's Jewellery Boutique.
  6930 | D:9      | Received a gift from Okawaru
  7174 | D:10     | Entered Level 10 of the Dungeon
  7213 | D:10     | Found a staircase to the Lair.
  7243 | D:10     | Found Tugrasu's Antique Armour Shoppe.
  7394 | D:10     | Reached skill level 10 in Armour
  7394 | D:10     | Reached skill level 5 in Shields
  7400 | D:10     | Reached skill level 6 in Shields
  7519 | D:10     | Found a transporter.
  7522 | D:10     | Found a transporter.
  7526 | D:10     | Found a transporter.
  7624 | D:10     | Found a transporter.
  7711 | D:10     | Found a portal to a secret trove of treasure.
  7968 | D:10     | This trove needs 15 potions of curing to function. Give it
                  | the items?
  8064 | D:11     | Noticed a two-headed ogre
  8071 | D:11     | HP: 17/75 [two-headed ogre/+0 giant club (15)]
  8071 | D:11     | HP: 8/75 [two-headed ogre/+0 giant club (9)]
  8390 | D:11     | Killed a two-headed ogre
  8391 | D:11     | Reached skill level 13 in Axes
  8391 | D:11     | Reached skill level 7 in Shields
  8450 | D:11     | Noticed a manticore
  8458 | D:11     | Killed a manticore
  8459 | D:11     | Reached skill level 8 in Shields
  8470 | D:11     | Reached skill level 9 in Shields
  8623 | D:11     | Reached XP level 12. HP: 67/81 MP: 15/17
  8631 | D:11     | Reached skill level 10 in Shields
  8632 | D:11     | HP: 15/81 [orc priest/divine providence (10)]
  8637 | D:11     | HP: 3/81 [orc priest/nerve-wracking pain (11)]
  8992 | D:11     | Noticed a two-headed ogre
  9000 | D:11     | Killed a two-headed ogre
  9000 | D:11     | Received a gift from Okawaru
  9033 | D:11     | Noticed a two-headed ogre
  9037 | D:11     | Killed a two-headed ogre
  9038 | D:11     | Reached skill level 11 in Shields
  9187 | D:11     | Found a transporter.
  9191 | D:11     | Noticed Likado's ghost (journeyman DrTm)
  9205 | D:11     | Found a transporter.
  9678 | D:12     | Reached skill level 12 in Shields
  9682 | D:12     | Reached skill level 14 in Axes
  9797 | D:12     | Noticed a skeletal warrior
  9798 | D:12     | Noticed a skeletal warrior
  9807 | D:12     | Killed a skeletal warrior
  9808 | D:12     | Noticed a skeletal warrior
  9811 | D:12     | Killed a skeletal warrior
  9812 | D:12     | Noticed a skeletal warrior
  9814 | D:12     | Killed a skeletal warrior
  9815 | D:12     | Reached skill level 13 in Shields
  9819 | D:12     | Killed a skeletal warrior
 10202 | D:12     | Received a gift from Okawaru
 10222 | D:12     | Identified the +3 leather armour of Inevitability {rCorr
                  | Dex+6 SInv Stlth-}
 10234 | D:12     | Reached skill level 14 in Shields
 10236 | D:12     | Reached XP level 13. HP: 42/86 MP: 18/18
 10546 | D:12     | Identified a scroll of acquirement
 10553 | D:12     | Acquired a +2 pair of boots of flying
 10635 | Orc:1    | Entered Level 1 of the Orcish Mines
 10817 | Orc:1    | Found Odghiyng's Armour Shoppe.
 11338 | Orc:2    | Entered Level 2 of the Orcish Mines
 11338 | Orc:2    | Found a staircase to the Elven Halls.
 11362 | Orc:2    | Reached skill level 15 in Shields
 11521 | Orc:2    | Identified a +1 robe of the Archmagi
 11532 | Orc:2    | Reached skill level 15 in Axes
 11724 | Orc:2    | Identified a +0 robe of the Archmagi
 11753 | Orc:2    | Noticed an ogre mage
 11766 | Orc:2    | Reached ****** piety under Okawaru
 11767 | Orc:2    | Reached skill level 16 in Shields
 11794 | Orc:2    | Identified the +4 hand axe "Asosm" {vamp, Dex+3} (Okawaru
                  | gifted it to you on level 2 of the Orcish Mines)
 11794 | Orc:2    | Received a gift from Okawaru
 11858 | Orc:2    | Found Fium's Jewellery Boutique.
 11865 | Orc:2    | Killed an ogre mage
 11966 | Orc:2    | Found a radiant altar of Vehumet.
 11966 | Orc:2    | Noticed Erolcha
 11966 | Orc:2    | Noticed an ogre mage
 11971 | Orc:2    | Killed Erolcha
 11982 | Orc:2    | Killed an ogre mage
 12108 | Orc:2    | Found Acku Juafo's Antique Armour Shop.
 12110 | Orc:2    | Noticed an ogre mage
 12122 | Orc:2    | Killed an ogre mage
 12142 | Orc:2    | Found an ancient bone altar of Kikubaaqudgha.
 12199 | Orc:2    | Reached skill level 17 in Shields
 12201 | Orc:2    | Found Ygicriocw's Antique Armour Boutique.
 12211 | Orc:2    | Found Cas Wuve's Magic Scroll Boutique.
 12479 | Orc:2    | Bought a glowing cloak for 180 gold pieces
 12601 | D:13     | Noticed Urug
 12608 | D:13     | Killed Urug
 12715 | D:13     | Identified the +3 pair of gloves "Lecw" {Str+8 Dex-2}
                  | (Okawaru gifted it to you on level 13 of the Dungeon)
 12715 | D:13     | Received a gift from Okawaru
 12736 | D:13     | You are sucked into a shaft and drop 2 floors!
 12736 | D:15     | Entered Level 15 of the Dungeon
 12737 | D:15     | Noticed a four-headed hydra
 12746 | D:15     | Killed a six-headed hydra
 12764 | D:15     | Reached XP level 14. HP: 86/93 MP: 19/19
 12948 | D:13     | Found a runed translucent door.
 13049 | D:13     | Reached skill level 18 in Shields
 13688 | D:13     | Upgraded the game from 0.30-a0-1075-gcd70e7a56d to
                  | 0.30-a0-1094-g860fb061e7
 13688 | D:13     | magus.rc [v1.9.6]
 13747 | D:14     | Found a gate to the Vaults.
 13751 | D:14     | Reached skill level 16 in Axes
 13758 | D:14     | Reached skill level 19 in Shields
 13773 | D:14     | Identified the +0 leather armour "Feut Gink" {Will+}
 13866 | D:14     | HP: 22/93 [very large slime creature (46)]
 14146 | D:14     | Received a gift from Okawaru
 14147 | D:14     | Reached skill level 20 in Shields
 14292 | D:14     | Found Loleh's Magic Scroll Emporium.
 14696 | D:15     | Reached skill level 4 in Fighting
 14714 | D:15     | Reached skill level 5 in Fighting
 14723 | D:15     | HP: 24/98 [poisoned by a black mamba]
 15171 | D:15     | Received a gift from Okawaru
 15172 | D:15     | Reached XP level 15. HP: 105/105 MP: 20/20
 15175 | D:15     | Reached skill level 11 in Armour
 15176 | D:15     | Reached skill level 6 in Fighting
 15398 | D:15     | Identified the +8 rapier of Distraction {freeze, Dex+3}
 15424 | D:15     | Found a staircase to the Depths.
 15562 | D:15     | Found a broken altar of Ashenzari.
 15589 | D:15     | Reached skill level 7 in Fighting
 15918 | D:9      | Bought an amulet of reflection for 360 gold pieces
 15999 | Lair:1   | Entered Level 1 of the Lair of Beasts
 16148 | Lair:1   | You add the spells Passage of Golubria and Yara's Violent
                  | Unravelling to your library.
 17083 | Lair:2   | Reached skill level 12 in Armour
 17376 | Lair:3   | Reached skill level 8 in Fighting
 17446 | Lair:3   | Found a gate leading to a gauntlet.
 17448 | Lair:3   | Noticed Nergalle
 17456 | Lair:3   | Killed Nergalle
 17470 | Gauntlet | Entered a Gauntlet
 17470 | Gauntlet | Found a transporter.
 17478 | Gauntlet | Found a transporter.
 17483 | Gauntlet | Found a transporter.
 17487 | Gauntlet | Found a runed translucent door.
 17489 | Gauntlet | Found a runed translucent door.
 17491 | Gauntlet | Found a transporter.
 17495 | Gauntlet | Found a transporter.
 17501 | Gauntlet | Found a runed translucent gate.
 17501 | Gauntlet | Found a runed translucent gate.
 17501 | Gauntlet | Found a runed translucent gate.
 17503 | Gauntlet | Found a transporter.
 17505 | Gauntlet | magus.rc [v1.9.6]
 17509 | Gauntlet | Found a transporter.
 17517 | Gauntlet | Found a transporter.
 17521 | Gauntlet | Found a transporter.
 17525 | Gauntlet | Found a runed translucent door.
 17526 | Gauntlet | Found a runed translucent door.
 17529 | Gauntlet | Found a transporter.
 17530 | Gauntlet | Found the +0 mask of the Dragon {Will+ Slay+3 SInv}
 17568 | Gauntlet | Found a transporter.
 17580 | Gauntlet | Found a transporter.
 17593 | Gauntlet | Found a transporter.
 17605 | Gauntlet | Found a transporter.
 17659 | Gauntlet | Identified the ring of Asih {rC+ EV+5}
 17842 | Gauntlet | Identified the +10 spear of Anxiety {elec, Fragile rN+
                  | SInv}
 17843 | Gauntlet | You pick up a book of Touch and begin reading...
 17843 | Gauntlet | You add the spells Kiss of Death, Confusing Touch and
                  | Dispel Undead to your library.
 17843 | Gauntlet | You pick up a book of Geomancy and begin reading...
 17843 | Gauntlet | You add the spells Sandblast, Passwall and Stone Arrow to
                  | your library.
 17910 | Lair:3   | You pick up a book of Power and begin reading...
 17910 | Lair:3   | You add the spells Iskenderun's Battlesphere and Iron Shot
                  | to your library.
 18053 | Lair:3   | Noticed Kirke
 18167 | Lair:3   | Killed Kirke
 18438 | Lair:3   | Found a hole to the Spider Nest.
 18603 | Lair:3   | Found a staircase to the Swamp.
 18631 | Lair:3   | Reached skill level 9 in Fighting
 18936 | Lair:4   | Found a staircase to the Slime Pits.
 18944 | Lair:4   | Found a viscous altar of Jiyva.
 19099 | Lair:4   | You pick up a book of Weapons and begin reading...
 19099 | Lair:4   | You add the spells Portal Projectile and Blade Hands to
                  | your library.
 19433 | Lair:4   | Identified the scarf "Ynnaoc" {repulsion, rN+} (Okawaru
                  | gifted it to you on level 4 of the Lair of Beasts)
 19433 | Lair:4   | Received a gift from Okawaru
 19834 | Lair:5   | Entered Level 5 of the Lair of Beasts
 19846 | Lair:5   | Reached XP level 16. HP: 96/120 MP: 21/21
 19859 | Lair:5   | Reached skill level 13 in Armour
 19869 | Lair:5   | Reached skill level 17 in Axes
 19875 | Lair:5   | Reached skill level 8 in Invocations
 20315 | Lair:5   | Reached skill level 9 in Invocations
 20721 | Lair:5   | Identified the +4 arbalest "Qaghutiv" {antimagic, Will++}
 20999 | Lair:5   | Reached skill level 10 in Invocations
 21336 | Lair:5   | Received a gift from Okawaru
 21669 | Elf:1    | Entered Level 1 of the Elven Halls
 21687 | Elf:1    | Found a shimmering blue altar of Sif Muna.
 21746 | Elf:1    | Reached skill level 18 in Axes
 21822 | Elf:1    | Found Pidod's Armour Shoppe.
 21826 | Elf:1    | Found Hax Neth's Antique Weapon Emporium.
 21827 | Elf:1    | Found Coobimp's Antique Armour Shoppe.
 21832 | Elf:1    | Bought a dazzling war axe for 340 gold pieces
 21832 | Elf:1    | Identified the +9 war axe of the Piercing Messenger {flame,
                  | rPois rC+ Dex+4} (You bought it in a shop on level 1 of the
                  | Elven Halls)
 21934 | Orc:2    | Bought a shiny plate armour for 780 gold pieces
 21934 | Orc:2    | Bought a polished scale mail for 270 gold pieces
 21934 | Orc:2    | Identified the +3 scale mail of Hedge Wizardry {rF+ Dex+3}
                  | (You bought it in a shop on level 2 of the Orcish Mines)
 22229 | Elf:1    | Noticed an Executioner
 22358 | Elf:1    | Reached skill level 11 in Invocations
 22359 | Elf:1    | Reached skill level 10 in Fighting
 22361 | Elf:1    | Acquired the amulet of Paricask {Acrobat rCorr}
 22833 | Elf:3    | Entered Level 3 of the Elven Halls
 22860 | Elf:2    | Reached XP level 17. HP: 129/129 MP: 25/25
 23027 | Elf:2    | Found Xaly's Antique Armour Boutique.
 23075 | Elf:2    | Received a gift from Okawaru
 23102 | Elf:2    | Reached skill level 12 in Invocations
 23103 | Elf:2    | Reached skill level 11 in Fighting
 23419 | Elf:2    | Reached skill level 12 in Fighting
 23464 | Elf:2    | Identified the +0 robe "Aguynwou" {+Inv rElec Dex+2}
                  | (Okawaru gifted it to you on level 2 of the Elven Halls)
 23464 | Elf:2    | Received a gift from Okawaru
 23479 | Elf:2    | Found a runed translucent gate.
 23480 | Elf:2    | Found a runed translucent gate.
 23480 | Elf:2    | Found a runed translucent gate.
 23550 | Elf:2    | Noticed Aizul
 23571 | Elf:2    | Killed Aizul
 23572 | Elf:2    | Reached skill level 13 in Fighting
 23716 | Elf:2    | You pick up a book of the Hunter and begin reading...
 24285 | Elf:2    | Reached skill level 14 in Fighting
 24302 | Elf:2    | Reached skill level 14 in Armour
 24660 | Elf:3    | Reached XP level 18. HP: 139/147 MP: 27/27
 24971 | Elf:3    | Found Agash's Armour Shop.
 24996 | Elf:3    | Received a gift from Okawaru
 25146 | Elf:3    | Noticed a deep elf blademaster
 25156 | Arena    | Entered the Arena
 25160 | Arena    | Killed a deep elf blademaster
 25187 | Elf:3    | Noticed an Executioner
 25191 | Elf:3    | Noticed a deep elf blademaster
 25198 | Elf:3    | Noticed a deep elf blademaster
 25199 | Elf:3    | Noticed a deep elf master archer
 25206 | Elf:3    | Killed a deep elf blademaster
 25210 | Elf:3    | Killed a deep elf blademaster
 25215 | Elf:3    | Reached skill level 15 in Fighting
 25218 | Elf:3    | Noticed a deep elf master archer
 25220 | Elf:3    | Killed a deep elf master archer
 25221 | Elf:3    | Reached skill level 15 in Armour
 25228 | Elf:3    | Noticed a deep elf master archer
 25229 | Elf:3    | Noticed a deep elf master archer
 25234 | Elf:3    | Killed a deep elf master archer
 25234 | Elf:3    | You are cast into the Abyss!
 25234 | Abyss:2  | Cast into level 2 of the Abyss (a deep elf sorcerer)
 25473 | Abyss:2  | Found a corrupted altar of Lugonu.
 25509 | Elf:3    | You pass through the gate.
 25509 | Elf:3    | Escaped the Abyss
 25509 | Elf:3    | Identified the ring of Hamoir {Wiz +Blink Str+3 Dex-2}
 25509 | Elf:3    | Noticed a deep elf blademaster
 25515 | Elf:3    | Killed a deep elf master archer
 25520 | Elf:3    | Killed a deep elf blademaster
 25521 | Elf:3    | Killed a deep elf master archer
 25551 | Elf:3    | magus.rc [v1.9.6]
 25551 | Arena    | Entered the Arena
 25551 | Arena    | HP: 33/151 [deep elf elementalist/+0 dagger (5)]
 25568 | Elf:3    | Reached skill level 16 in Fighting
 25576 | Elf:3    | Reached skill level 16 in Armour
 25805 | Elf:3    | Identified the ring of the Queen {rElec AC+4 Int+3}
 25812 | Elf:3    | Identified the +11 battleaxe "Icyilaix" {drain, rF+}
 26116 | Elf:3    | You add the spells Inner Flame, Borgnjor's Vile Clutch and
                  | Agony to your library.
 26116 | Elf:3    | Got the Excursus on the Comburant Graveyard
 26124 | Elf:3    | You pick up a book of Sloth and begin reading...
 26124 | Elf:3    | You add the spells Petrify, Metabolic Englaciation and
                  | Statue Form to your library.
 26155 | Elf:3    | Identified the +7 dagger "Axkup" {venom, rF+ rN++}
 26194 | Elf:3    | Identified the +0 scale mail of Masochism {rN+ Will+ Int+3}
 26205 | Elf:3    | You pick up a book of Necromancy and begin reading...
 26205 | Elf:3    | You add the spells Necrotise and Vampiric Draining to your
                  | library.
 26488 | D:11     | Killed Likado's ghost
 26488 | D:11     | Received a gift from Okawaru
 26493 | D:11     | Identified the +0 pair of boots of Gehenna {Harm rPois}
 26650 | Spider:1 | Entered Level 1 of the Spider Nest
 26689 | Spider:1 | Reached XP level 19. HP: 155/159 MP: 28/28
 27693 | Spider:1 | Reached skill level 17 in Fighting
 28146 | Spider:1 | Reached skill level 17 in Armour
 28552 | Spider:2 | Received a gift from Okawaru
 28734 | Spider:2 | Identified the +1 chain mail "Qapsurr" {rF+ Str-2 SInv
                  | Stlth+}
 29556 | Spider:3 | Reached skill level 18 in Fighting
 29670 | Spider:3 | Reached skill level 18 in Armour
 29735 | Spider:3 | Noticed Agnes
 29748 | Spider:3 | Killed Agnes
 30267 | Spider:4 | Entered Level 4 of the Spider Nest
 30292 | Spider:4 | Identified the +4 ring mail "Qett" {-Tele rN++ Regen+}
                  | (Okawaru gifted it to you on level 4 of the Spider Nest)
 30292 | Spider:4 | Received a gift from Okawaru
 30527 | Spider:4 | Reached XP level 20. HP: 161/172 MP: 29/29
 30740 | Spider:4 | HP: 39/172 [demonic crawler (13)]
 30743 | Arena    | Entered the Arena
 31231 | Spider:4 | Reached skill level 19 in Fighting
 31252 | Spider:4 | Got a gossamer rune of Zot
 31380 | Spider:4 | Reached skill level 19 in Armour
 31579 | Spider:4 | You pick up a book of Fire and begin reading...
 31579 | Spider:4 | You add the spells Foxfire, Fireball, Plasma Beam and
                  | Starburst to your library.
 31711 | Swamp:1  | Entered Level 1 of the Swamp
 31711 | Swamp:1  | You are sucked into a shaft and drop 1 floor!
 31736 | Swamp:1  | Noticed Roxanne
 32426 | Swamp:1  | Killed Roxanne
 32428 | Swamp:1  | You pick up a book of the Earth and begin reading...
 33691 | Swamp:3  | You pick up a book of Alchemy and begin reading...
 33691 | Swamp:3  | You add the spells Sublimation of Blood and Irradiate to
                  | your library.
 33897 | Swamp:4  | Entered Level 4 of the Swamp
 33926 | Swamp:4  | Found a runed translucent gate.
 33927 | Swamp:4  | Found a runed translucent gate.
 33927 | Swamp:4  | Noticed MrSquiggles's ghost (adept DsGl)
 33928 | Swamp:4  | Found a runed translucent gate.
 34087 | Swamp:4  | Killed MrSquiggles's ghost
 34091 | Swamp:4  | Identified the +5 lajatang of Gozag, Building {protect,
                  | rC+}
 34093 | Swamp:4  | Identified the ring "Guhyuz" {Fire +Blink}
 34509 | Swamp:4  | Reached skill level 20 in Fighting
 34516 | Swamp:4  | Reached skill level 20 in Armour
 34516 | Swamp:4  | Reached skill level 1 in Evocations
 34519 | Swamp:4  | Reached skill level 2 in Evocations
 34526 | Swamp:4  | Reached skill level 3 in Evocations
 34527 | Swamp:4  | Reached skill level 4 in Evocations
 34533 | Swamp:4  | Reached skill level 5 in Evocations
 34533 | Swamp:4  | Reached XP level 21. HP: 135/183 MP: 25/30
 34539 | Swamp:4  | Reached skill level 6 in Evocations
 34544 | Swamp:4  | Reached skill level 7 in Evocations
 34649 | Swamp:4  | Reached skill level 8 in Evocations
 34687 | Swamp:4  | Got a decaying rune of Zot
 35098 | Slime:1  | Entered Level 1 of the Pits of Slime
 35105 | Slime:1  | Gained mutation: You occasionally lose the ability to drink
                  | potions when taking damage. [a shining eye]
 35107 | Slime:1  | Gained mutation: Your mind is acute. (Int +4, Str/Dex -1)
                  | [a shining eye]
 35116 | Slime:1  | Reached skill level 9 in Evocations
 35205 | Slime:1  | Reached skill level 10 in Evocations
 35314 | Slime:3  | Reached skill level 11 in Evocations
 35319 | Slime:3  | Gained mutation: You occasionally lose the ability to read
                  | scrolls when taking damage. [a shining eye]
 35327 | Slime:3  | Gained mutation: You are clumsy. (Dex -2) [a shining eye]
 35336 | Slime:3  | Lost mutation: You are clumsy. (Dex -2) [potion of
                  | mutation]
 35336 | Slime:3  | Lost mutation: Your mind is acute. (Int +4, Str/Dex -1)
                  | [potion of mutation]
 35336 | Slime:3  | Lost mutation: You occasionally lose the ability to read
                  | scrolls when taking damage. [potion of mutation]
 35336 | Slime:3  | Gained mutation: You are partially covered in large bone
                  | plates. (SH +4) [potion of mutation]
 35378 | Slime:3  | You are sucked into a shaft and drop 1 floor!
 35391 | Slime:4  | Gained mutation: You have hidden genetic defects. [a
                  | shining eye]
 35403 | Slime:4  | Reached skill level 12 in Evocations
 35546 | Slime:5  | Entered Level 5 of the Pits of Slime
 35723 | Slime:5  | Reached skill level 13 in Evocations
 35919 | Slime:5  | Reached skill level 14 in Evocations
 35946 | Slime:5  | Noticed the Royal Jelly
 35960 | Slime:5  | Killed the Royal Jelly
 35995 | Slime:5  | Reached skill level 15 in Evocations
 35998 | Slime:5  | Gained mutation: Your body sometimes deteriorates upon
                  | taking damage. [hidden defects]
 36027 | Slime:5  | Gained mutation: You are frail. (-10% HP) [a shining eye]
 36028 | Slime:5  | Gained mutation: Your spells are a little easier to cast,
                  | but a little less powerful. [a shining eye]
 36061 | Slime:5  | Gained mutation: Your magical capacity is low. (-10% MP) [a
                  | shining eye]
 36260 | Slime:5  | Found the +7 lajatang of Order {silver, rMut}
 36268 | Slime:5  | Identified the +9 battleaxe "Tedein" {drain, rF+}
 36269 | Slime:5  | Identified the +4 scimitar "Upsetz" {flame, Will+}
 36271 | Slime:5  | Got Keic's Catalogue of the Fault and Pollution
 36310 | Slime:5  | Identified the +11 sling of Megalomania {elec, rPois rC+
                  | Int+3 Dex-2}
 36322 | Slime:5  | Identified the staff of air "Aluom" {rElec rF+ rN++ SInv
                  | Stlth+}
 36329 | Slime:5  | Got a slimy rune of Zot
 36345 | Slime:5  | Identified the +6 whip "Etippumeja" {heavy, rPois Int+7
                  | Stlth-}
 36373 | Slime:5  | You pick up a book of the Spheres and begin reading...
 36373 | Slime:5  | You add the spells Conjure Ball Lightning and Orb of
                  | Destruction to your library.
 36665 | Elf:1    | Bought a +4 plate armour of positive energy for 799 gold
                  | pieces
 36872 | D:10     | This trove needs 15 potions of curing to function. Give it
                  | the items?
 36888 | D:10     | This trove needs 15 potions of curing to function. Give it
                  | the items?
 36888 | D:10     | You paid a toll of 15 potions of curing to enter a treasure
                  | trove
 36889 | Trove    | Entered a treasure trove
 37090 | Vaults:1 | Entered Level 1 of the Vaults
 37125 | Vaults:1 | Received a gift from Okawaru
 37262 | Vaults:1 | Reached skill level 16 in Evocations
 37278 | Vaults:1 | Gained mutation: You occasionally shout uncontrollably at
                  | your foes. [hidden defects]
 37278 | Vaults:1 | Lost mutation: You have hidden genetic defects. [hidden
                  | defects expressed]
 37280 | Vaults:1 | Lost mutation: Your body sometimes deteriorates upon taking
                  | damage. [potion of mutation]
 37280 | Vaults:1 | Lost mutation: You occasionally lose the ability to drink
                  | potions when taking damage. [potion of mutation]
 37280 | Vaults:1 | Lost mutation: You are partially covered in large bone
                  | plates. (SH +4) [potion of mutation]
 37280 | Vaults:1 | Gained mutation: You have large cloven feet. [potion of
                  | mutation]
 37280 | Vaults:1 | Gained mutation: You have hoof-like feet. [potion of
                  | mutation]
 37280 | Vaults:1 | Gained mutation: Potions are less effective at restoring
                  | your health. [potion of mutation]
 37280 | Vaults:1 | Gained mutation: You possess an exceptional clarity of
                  | mind. [potion of mutation]
 37281 | Vaults:1 | Lost mutation: You possess an exceptional clarity of mind.
                  | [potion of mutation]
 37281 | Vaults:1 | Lost mutation: You occasionally shout uncontrollably at
                  | your foes. [potion of mutation]
 37281 | Vaults:1 | Lost mutation: Your spells are a little easier to cast, but
                  | a little less powerful. [potion of mutation]
 37281 | Vaults:1 | Gained mutation: You are partially covered in iridescent
                  | scales. (AC +2) [potion of mutation]
 37281 | Vaults:1 | Gained mutation: You are somewhat resistant to further
                  | mutation. [potion of mutation]
 37289 | Vaults:1 | Lost mutation: You are partially covered in iridescent
                  | scales. (AC +2) [potion of mutation]
 37289 | Vaults:1 | Lost mutation: Your magical capacity is low. (-10% MP)
                  | [potion of mutation]
 37289 | Vaults:1 | Lost mutation: You are frail. (-10% HP) [potion of
                  | mutation]
 37290 | Vaults:1 | Lost mutation: You are somewhat resistant to further
                  | mutation. [potion of mutation]
 37290 | Vaults:1 | Lost mutation: Potions are less effective at restoring your
                  | health. [potion of mutation]
 37290 | Vaults:1 | Gained mutation: Your mind is acute. (Int +4, Str/Dex -1)
                  | [potion of mutation]
 37290 | Vaults:1 | Gained mutation: You have hidden genetic potential. [potion
                  | of mutation]
 37290 | Vaults:1 | Gained mutation: You have hooves in place of feet. [potion
                  | of mutation]
 37482 | Vaults:1 | Reached XP level 22. HP: 83/190 MP: 24/31
 37904 | Vaults:1 | You add the spells Ignite Poison, Sticky Flame and Ignition
                  | to your library.
 37921 | Vaults:1 | Found Fiakkypt's Magic Scroll Shop.
 37940 | Vaults:1 | Reached skill level 17 in Evocations
 39196 | Vaults:2 | Noticed Jory
 39208 | Arena    | Entered the Arena
 39212 | Arena    | HP: 16/190 [Jory/+0 glaive of venom (33)]
 39217 | Arena    | HP: 46/190 [poisoned by Jory]
 39221 | Arena    | Killed Jory
 39222 | Arena    | HP: 35/190 [poisoned by Jory]
 39647 | Vaults:2 | Acquired a manual of Dodging
 39905 | Vaults:2 | Identified the +8 flail "Acworr" {freeze, rC+}
 39913 | Vaults:2 | Received a gift from Okawaru
 39939 | Vaults:2 | Reached skill level 19 in Axes
 39940 | Vaults:2 | Received a gift from Okawaru
 40265 | Vaults:2 | Found a transporter.
 40517 | Vaults:2 | Reached skill level 21 in Fighting
 40833 | Vaults:3 | Gained mutation: You have great hidden genetic potential.
                  | [hidden potential]
 40953 | Vaults:3 | You pick up a book of Flames and begin reading...
 41223 | Vaults:3 | Identified the +2 robe of Gravity {rC+ Int+3} (Okawaru
                  | gifted it to you on level 3 of the Vaults)
 41223 | Vaults:3 | Received a gift from Okawaru
 41269 | Vaults:3 | Reached XP level 23. HP: 98/200 MP: 32/32
 41276 | Vaults:3 | HP: 45/200 [white very ugly thing (44)]
 41743 | Vaults:3 | Found Zolup's Weapon Boutique.
 42199 | Vaults:3 | Reached skill level 20 in Axes
 42371 | Vaults:3 | Found a staircase to the Crypt.
 42752 | Vaults:4 | Reached skill level 22 in Fighting
 43258 | Vaults:4 | You are cast into the Abyss!
 43258 | Abyss:2  | Cast into level 2 of the Abyss (a wizard)
 43436 | Abyss:2  | Reached skill level 23 in Fighting
 43438 | Vaults:4 | You pass through the gate.
 43438 | Vaults:4 | Escaped the Abyss
 43675 | Vaults:4 | You pick up a book of Lightning and begin reading...
 43717 | Vaults:4 | Received a gift from Okawaru
 44587 | Vaults:5 | Entered Level 5 of the Vaults
 44619 | Vaults:4 | Reached XP level 24. HP: 162/216 MP: 29/32
 44626 | Vaults:4 | Identified the +8 tower shield of Okawaru's Reproof {+Blink
                  | rN+} (Okawaru gifted it to you on level 4 of the Vaults)
 44626 | Vaults:4 | Received a gift from Okawaru
 44628 | Vaults:4 | Reached skill level 24 in Fighting
 46565 | Vaults:5 | Reached skill level 25 in Fighting
 46700 | Vaults:5 | Noticed Boris
 46710 | Vaults:5 | Killed Boris
 46773 | Vaults:5 | Identified the +2 robe of the Endless Expanse {Stlth+}
 46851 | Vaults:5 | Noticed an ancient lich
 46858 | Vaults:5 | Killed an ancient lich
 46859 | Vaults:5 | Identified the +0 arbalest of the Kissing Gods {penet,
                  | *Corrode rF+ rC+++ Int-2}
 46864 | Arena    | Entered the Arena
 46904 | Vaults:5 | Identified the scarf of the Realm of Zot {repulsion, rN+
                  | Int+7} (Okawaru gifted it to you on level 5 of the Vaults)
 46904 | Vaults:5 | Received a gift from Okawaru
 46921 | Vaults:5 | HP: 55/221 [stone giant (27)]
 47368 | Vaults:5 | Identified the +7 dire flail of the Horn {flame, Int+2}
 47368 | Vaults:5 | Identified the ring "Tuymom" {+Blink rCorr Int+2 Dex-5
                  | Stlth+}
 47386 | Vaults:5 | Reached skill level 26 in Fighting
 47415 | Vaults:5 | Gained mutation: You are agile. (Dex +4, Str/Int -1)
                  | [hidden potential]
 47415 | Vaults:5 | Lost mutation: You have great hidden genetic potential.
                  | [hidden potential expressed]
 47560 | Vaults:5 | Found Teipn's General Store.
 47562 | Vaults:5 | Found the +8 longbow "Zephyr" {speed, Dex+3 SInv}
 47805 | Vaults:5 | Identified the +1 rapier of Spite {freeze, rElec Dex+2}
 47968 | Vaults:5 | You pick up a book of Transfigurations and begin reading...
 48096 | Vaults:5 | Identified the +0 dagger "Seysmuhue" {drain, +Blink rN+
                  | Will- Int+4}
 48267 | Vaults:5 | Identified the staff of poison "Civeper" {rElec rPois rF-
                  | rCorr Int+6}
 48419 | Vaults:5 | Noticed Mennas
 48429 | Vaults:5 | magus.rc [v1.9.6]
 48452 | Vaults:5 | Killed Mennas
 48509 | Vaults:5 | Reached XP level 25. HP: 232/232 MP: 32/32
 48592 | Vaults:5 | Got Koske's Spellcraft Continued
 48593 | Vaults:5 | Identified the +0 plate armour of Orthodoxy {Str+2}
 48597 | Vaults:5 | You pick up a book of Hexes and begin reading...
 48599 | Vaults:5 | Got a silver rune of Zot
 48891 | Depths:1 | Entered Level 1 of the Depths
 48977 | Depths:1 | Reached skill level 27 in Fighting
 48989 | Depths:1 | HP: 56/234 [stone giant (8)]
 48990 | Arena    | Entered the Arena
 49020 | Depths:1 | HP: 56/234 [iron troll (12)]
 49025 | Depths:1 | HP: 47/234 [iron troll (4)]
 49204 | Depths:1 | Identified the +0 ring mail of Wusew {rC- rN+ Str+4}
 49539 | Depths:1 | Found a one-way gate to the infinite horrors of the Abyss.
 49565 | Depths:1 | Found a gateway to Hell.
 49720 | Depths:1 | Found a shimmering blue altar of Sif Muna.
 49823 | Depths:2 | Found a one-way gate leading to the halls of Pandemonium.
 49918 | Depths:2 | Noticed Louise
 49928 | Depths:2 | Killed Louise
 50005 | Depths:2 | Reached skill level 21 in Shields
 50262 | Depths:2 | Identified the +1 robe of the Other World {rElec Will+++
                  | Str+2 Int-4}
 50263 | Depths:2 | Identified the +5 mace "Leviticus" {heavy, rC- rN+ Will+
                  | Str+5}
 50594 | Depths:2 | Received a gift from Okawaru
 50682 | Depths:2 | Found Kyluvvuk's Magic Scroll Shoppe.
 50727 | Depths:2 | Reached skill level 22 in Shields
 50932 | Depths:2 | Identified +0 gold dragon scales
 51084 | Depths:3 | Found a hide-covered altar of Uskayaw.
 51115 | Depths:2 | Gained mutation: You are very agile. (Dex +8, Str/Int -2)
                  | [hidden potential]
 51390 | Depths:3 | Identified the +0 ring mail of the Comet {*Corrode rC-
                  | Str+5 Int+8}
 51444 | Depths:3 | Found a one-way gateway to a ziggurat.
 51522 | Depths:3 | Noticed Margery
 51535 | Depths:3 | Killed Margery
 52224 | Depths:3 | Identified the +4 great mace of Pestilence {drain, Will++
                  | Str-3 Int+4}
 52289 | Depths:3 | Acquired a manual of Invocations
 52292 | Depths:4 | Entered Level 4 of the Depths
 52292 | Depths:4 | Noticed Boris
 52386 | Depths:4 | Received a gift from Okawaru
 52387 | Depths:4 | Reached skill level 21 in Axes
 52387 | Depths:4 | Reached XP level 26. HP: 219/242 MP: 32/32
 52419 | Depths:4 | HP: 58/242 [deep troll earth mage[a glowing orange brain]
                  | (14)]
 52424 | Depths:4 | HP: 52/242 [brown very ugly thing (9)]
 52784 | Depths:4 | Killed Boris
 52908 | Depths:4 | Identified +0 gold dragon scales
 53031 | Depths:4 | Found a gate to the Realm of Zot.
 53238 | Depths:4 | Noticed a caustic shrike
 53239 | Depths:4 | Noticed a caustic shrike
 53240 | Depths:4 | Noticed a caustic shrike
 53249 | Depths:4 | Killed a caustic shrike
 53253 | Depths:4 | Killed a caustic shrike
 53254 | Depths:4 | Reached skill level 22 in Axes
 53263 | Depths:4 | Killed a caustic shrike
 53570 | Depths:4 | Noticed a caustic shrike
 53593 | Depths:4 | Killed a caustic shrike
 54124 | Zig:1    | Entered Level 1 of a ziggurat
 54139 | Zig:2    | Entered Level 2 of a ziggurat
 54158 | Zig:3    | Entered Level 3 of a ziggurat
 54190 | Zig:3    | You pick up a book of Blasting and begin reading...
 54190 | Zig:3    | You add the spells Volatile Blastmotes, Fulminant Prism and
                  | Iskenderun's Mystic Blast to your library.
 54264 | Zig:4    | Entered Level 4 of a ziggurat
 54367 | Zig:4    | Acquired the +0 pair of fencer's gloves {Riposte Dex+3}
 54367 | Zig:4    | Found the +0 pair of fencer's gloves {Riposte Dex+3}
 54371 | Zig:4    | Acquired a manual of Dodging
 54380 | Zig:5    | Entered Level 5 of a ziggurat
 54380 | Zig:5    | Noticed a Killer Klown
 54389 | Zig:5    | Killed a Killer Klown
 54389 | Zig:5    | Received a gift from Okawaru
 54405 | Zig:6    | Entered Level 6 of a ziggurat
 54418 | Zig:6    | Reached skill level 23 in Axes
 54443 | Zig:6    | Identified the staff of cold "Habuffot" {rC+ Int+7}
 54445 | Zig:6    | Identified the +4 mace of Gued {speed, rPois rN+ rCorr}
 54462 | Zig:7    | Entered Level 7 of a ziggurat
 54476 | Zig:7    | Gained mutation: Your flesh is heat resistant. (rF+)
                  | [hidden potential]
 54476 | Zig:7    | Lost mutation: You have hidden genetic potential. [hidden
                  | potential expressed]
 54548 | Zig:8    | Entered Level 8 of a ziggurat
 54578 | Zig:8    | Noticed Daoka Goso the pandemonium lord
 54584 | Zig:8    | Gained mutation: You are weak. (Str -2) [a cacodemon]
 54597 | Zig:8    | Killed Daoka Goso the pandemonium lord
 54767 | Zig:8    | You pick up a book of Air and begin reading...
 54767 | Zig:8    | You add the spells Shock and Airstrike to your library.
 54780 | Zig:9    | Entered Level 9 of a ziggurat
 54785 | Zig:9    | Found the +8 trishula "Condemnation" {holy, anguish, *Noise
                  | Fly rN+}
 54786 | Zig:9    | Found the +8 storm bow {elec, penet}
 54786 | Zig:9    | Identified a potion of experience
 54786 | Zig:9    | Noticed Ahyotix the pandemonium lord
 54805 | Zig:9    | Killed Ahyotix the pandemonium lord
 54811 | Zig:9    | HP: 58/237 [demonspawn warmonger/+1 demon blade of draining
                  | (25)]
 54818 | Zig:9    | Received a gift from Okawaru
 55156 | Zig:9    | Reached skill level 24 in Axes
 55156 | Zig:9    | Reached XP level 27. HP: 238/238 MP: 32/32
 55163 | Zig:10   | Entered Level 10 of a ziggurat
 55181 | Zig:10   | Reached skill level 1 in Dodging
 55187 | Zig:10   | Reached skill level 2 in Dodging
 55191 | Zig:10   | Reached skill level 3 in Dodging
 55386 | Zig:10   | Identified the staff of cold "Raps" {rF+ rC+ Str+3}
 55407 | Zig:10   | Identified the +7 mace of the Abyss {heavy, rCorr}
 55443 | Zig:11   | Entered Level 11 of a ziggurat
 55461 | Zig:11   | Noticed a curse skull
 55467 | Zig:11   | Noticed a curse skull
 55468 | Zig:11   | Reached skill level 13 in Invocations
 55470 | Zig:11   | Killed a curse skull
 55473 | Zig:11   | Reached skill level 4 in Dodging
 55485 | Zig:11   | Killed a curse skull
 55492 | Zig:11   | Reached skill level 5 in Dodging
 55498 | Zig:11   | Reached skill level 14 in Invocations
 55773 | Zig:11   | Identified the +10 dagger of Premature Burial {heavy,
                  | Stlth+}
 55776 | Zig:11   | Identified the staff of death "Hane" {Fly rN+ Str+2 Stlth+}
 55827 | Zig:12   | Entered Level 12 of a ziggurat
 55887 | Zig:12   | Reached skill level 6 in Dodging
 55920 | Zig:12   | Reached skill level 7 in Dodging
 56184 | Zig:12   | Reached skill level 15 in Invocations
 56308 | Zig:12   | Identified the +4 cloak of the Morning {MP+9 Str+4}
 56333 | Zig:12   | Reached skill level 8 in Dodging
 56333 | Zig:12   | Reached skill level 16 in Invocations
 56334 | Zig:12   | Reached skill level 10 in Dodging
 56334 | Zig:12   | Reached skill level 17 in Invocations
 56335 | Zig:12   | Reached skill level 11 in Dodging
 56335 | Zig:12   | Reached skill level 18 in Invocations
 56341 | Zig:13   | Entered Level 13 of a ziggurat
 56356 | Zig:13   | Noticed an ancient lich
 56384 | Zig:13   | Killed an ancient lich
 56402 | Zig:13   | Identified the +7 crystal plate armour of Submission {Will+
                  | Int+2 Stlth+} (Okawaru gifted it to you on level 13 of a
                  | ziggurat)
 56402 | Zig:13   | Received a gift from Okawaru
 56439 | Zig:13   | Reached skill level 12 in Dodging
 56445 | Zig:13   | Reached skill level 19 in Invocations
 56541 | Zig:13   | Identified the +4 halberd of Crusades {freeze, +Blink rF+}
 56575 | Zig:13   | Reached skill level 13 in Dodging
 56577 | Zig:14   | Entered Level 14 of a ziggurat
 56582 | Zig:14   | Noticed a shard shrike
 56583 | Zig:14   | Noticed a shard shrike
 56604 | Zig:14   | Killed a shard shrike
 56611 | Zig:14   | Reached skill level 20 in Invocations
 56617 | Zig:14   | Noticed a shard shrike
 56617 | Zig:14   | HP: 57/249 [something/bolt of cold (7)]
 56618 | Arena    | Entered the Arena
 56620 | Arena    | Killed a shard shrike
 56632 | Zig:14   | HP: 48/249 [??? (36)]
 56641 | Zig:14   | HP: 31/249 [??? (22)]
 56643 | Zig:14   | HP: 13/249 [??? (8)]
 56645 | Arena    | Entered the Arena
 56646 | Arena    | Killed a shard shrike
 56676 | Zig:14   | HP: 47/249 [??? (35)]
 56683 | Zig:14   | Reached skill level 14 in Dodging
 56685 | Zig:14   | HP: 28/249 [wendigo (1)]
 57051 | Zig:14   | Identified the +1 falchion of Oenomania {flame, rF+ rN+
                  | MP+9 Int-5}
 57170 | Zig:14   | Identified the +1 ring mail of Liyzxi {rC+ Stlth+}
 57178 | Zig:15   | Entered Level 15 of a ziggurat
 57224 | Zig:15   | Reached skill level 15 in Dodging
 57457 | Zig:16   | Entered Level 16 of a ziggurat
 57478 | Zig:16   | Noticed a caustic shrike
 57481 | Zig:16   | Reached skill level 16 in Dodging
 57490 | Zig:16   | Killed a caustic shrike
 57491 | Zig:16   | HP: 19/249 [iron giant/+0 giant club (50)]
 57492 | Zig:16   | HP: 3/249 [Hell Sentinel (17)]
 57496 | Zig:16   | Noticed a caustic shrike
 57497 | Zig:16   | Killed from afar by a Hell Sentinel

Vanquished Creatures
  the Royal Jelly (Slime:5)
  2 ancient liches
  Mennas (Vaults:5)
  2 pandemonium lords
  Boris (twice) (Vaults:5 Depths:4)
  3 shard shrikes
  Margery (Depths:3)
  A Killer Klown (Zig:5)
  5 caustic shrikes
  Jory (Arena)
  2 golden dragons
  2 bone dragons
  An iron giant (Zig:16)
  5 tentacled monstrosities
  2 Hell Sentinels
  6 Ice Fiends
  3 liches
  4 deep elf master archers (Elf:3)
  4 deep elf blademasters
  2 titans
  19 acid blobs
  An Executioner (Zig:9)
  Agnes (Spider:3)
  3 ancient champions (Zig:11)
  3 tentacled starspawn (Abyss:2)
  5 sphinxes
  2 revenants (Zig:11)
  A thorn hunter (Swamp:4)
  7 tengu reavers
  5 shadow dragons
  6 rockslimes
  2 storm dragons
  Kirke (Lair:3)
  Roxanne (Swamp:1)
  A draconian monk (Depths:4)
  A draconian knight (Zig:10)
  The ghost of MrSquiggles the Pandemonic, an adept DsGl of Makhleb (Swamp:4)
  3 demonspawn warmongers
  3 narguns (Zig:14)
  9 fire giants
  An azure jelly (shapeshifter) (Zig:5)
  8 azure jellies
  8 frost giants
  8 deep elf sorcerers (Elf:3)
  A draconian scorcher (Depths:4)
  19 vault wardens
  An iron dragon (Depths:4)
  2 quicksilver elementals (Zig:16)
  A balrug (Zig:9)
  Louise (Depths:2)
  8 ghost moths
  2 draconian stormcallers (Zig:10)
  3 emperor scorpions
  2 draconian annihilators (Zig:10)
  A caustic shrike zombie (Abyss:2)
  Aizul (Elf:2)
  4 cacodemons
  8 deep elf elementalists
  2 curse skulls (Zig:11)
  13 quicksilver oozes
  2 draconian shifters (Zig:10)
  An orc warlord (Vaults:2)
  2 reapers
  26 very ugly things
  A juggernaut skeleton (Depths:1)
  4 war gargoyles
  15 stone giants
  3 ironbound thunderhulks
  2 green draconians
  19 ironbound preservers
  5 broodmothers
  A black draconian (Zig:10)
  2 demonspawn black suns (Zig:9)
  2 vampire knights
  2 bunyips
  16 dire elephants
  9 deep elf annihilators
  2 eleionomae
  2 wendigos (Zig:14)
  6 deep elf demonologists
  A white draconian (Zig:10)
  3 yellow draconians
  4 minotaurs
  13 spark wasps
  17 ettins
  3 purple draconians
  2 red draconians (Depths:4)
  A merfolk javelineer (Zig:3)
  4 deep elf death magi
  6 blizzard demons
  A jiangshi (Zig:11)
  2 green deaths
  7 fire dragons
  13 entropy weavers
  A shambling mangrove (Swamp:4)
  A crystal guardian (Vaults:3)
  13 yaktaur captains
  5 deep elf high priests
  The ghost of Likado the Fighter, a journeyman DrTm of Makhleb (D:11)
  8 great orbs of eyes
  A salamander tyrant (Zig:6)
  4 ice dragons
  Erolcha (Orc:2)
  2 peacekeepers
  34 vault guards
  4 rakshasas
  A caustic shrike simulacrum (Zig:14)
  29 hydras
  2 ghost crabs
  A spriggan air mage (Depths:3)
  A jorogumo (Spider:3)
  A radroach (Spider:4)
  20 centaur warriors
  2 anacondas (Zig:6)
  6 ogre magi
  18 two-headed ogres
  12 boulder beetles
  2 catoblepae
  30 dancing weapons
  12 ironbound frosthearts
  2 alligators
  A naga warrior (Zig:6)
  6 tengu warriors
  2 death knights (Vaults:3)
  4 vampire magi
  3 orc high priests
  2 titan zombies (Depths:2)
  2 deep troll shamans (Depths:1)
  A thrashing horror (Abyss:2)
  Urug (D:13)
  A shock serpent (Zig:6)
  3 deep troll earth magi
  4 spriggan berserkers
  4 hell knights (Depths:3)
  22 deep elf knights
  Nergalle (Lair:3)
  2 skysharks
  6 iron trolls
  4 sixfirhies
  5 goliath frogs
  3 shadow wraiths
  4 skeletal warriors (D:12)
  A sea snake (Zig:3)
  A skyshark (shapeshifter) (Vaults:5)
  14 pharaoh ants
  3 sun moths (Spider:4)
  59 deep trolls
  A spark wasp zombie (Depths:1)
  2 flayed ghosts (Abyss:2)
  3 glowing orange brains
  6 bog bodies
  8 spriggan druids
  A naga ritualist (Zig:6)
  3 orange crystal statues (Zig:12)
  2 obsidian statues
  4 phantasmal warriors
  11 swamp dragons
  9 orb spiders
  A swamp dragon (shapeshifter) (Depths:2)
  8 wizards
  10 deep elf archers
  13 ironbound convokers
  11 lindwurms
  5 necromancers
  7 harpies (Zig:3)
  3 orc knights
  A glowing shapeshifter (Depths:4)
  28 deep elf zephyrmancers
  5 steelbarb worms
  7 shining eyes
  37 ugly things
  22 deep elf pyromancers
  13 orc sorcerers
  A tengu skeleton (Depths:2)
  A mana viper (Zig:6)
  3 large abominations
  3 cyclopes
  A shadow dragon skeleton (Depths:1)
  30 wolf spiders
  A worldbinder (Abyss:2)
  3 manticores
  A human skeleton (Vaults:4)
  3 will-o-the-wisps
  A fire giant skeleton (Depths:2)
  10 moths of wrath
  A manticore (shapeshifter) (Zig:5)
  5 elephants (Lair:5)
  A stone giant skeleton (Vaults:4)
  A cyclops (shapeshifter) (Depths:4)
  24 vault sentinels
  10 demonic crawlers
  A black mamba (shapeshifter) (D:15)
  15 black mambas
  A guardian serpent (Lair:5)
  10 torpor snails
  An apocalypse crab (Zig:5)
  2 naga magi
  3 orange demons
  4 eyes of devastation
  A water nymph (Zig:3)
  14 cane toads
  A gargoyle (D:11)
  3 tormentors
  3 unseen horrors
  4 hellions
  A kobold demonologist (D:11)
  2 rime drakes (Lair:5)
  13 komodo dragons
  30 yaktaurs
  2 ice devils (Depths:2)
  2 freezing wraiths
  5 tengu conjurers
  2 red devils (Depths:2)
  8 trolls
  8 merfolk
  A wind drake (shapeshifter) (Vaults:5)
  3 meliai
  A meliai (shapeshifter) (D:14)
  2 polar bears
  2 bloated husks
  A hellwing (Abyss:2)
  13 hornets
  A polar bear (shapeshifter) (D:13)
  17 blink frogs
  A sphinx simulacrum (Zig:14)
  8 tyrant leeches
  27 tarantellas
  5 raiju
  A spriggan zombie (Depths:2)
  74 slime creatures
  3 shadows
  3 air elementals
  A jumping spider (shapeshifter) (Depths:2)
  A vampire (D:11)
  26 jumping spiders
  9 spriggans
  14 wyverns
  33 culicivoras
  4 water elementals
  4 wraiths
  A hog (shapeshifter) (D:15)
  41 yaks
  A ynoxinul (Abyss:2)
  4 golden eyes
  4 hogs (Lair:3)
  4 basilisks
  4 humans
  71 redbacks
  3 fire elementals
  An elf simulacrum (Vaults:4)
  A neqoxec (Abyss:2)
  2 chaos spawn (Zig:5)
  18 vampire mosquitoes
  Menkaure (D:5)
  4 steam dragons
  A warg (Orc:1)
  A naga (Zig:6)
  A swamp worm (shapeshifter) (Zig:13)
  Edmund (D:5)
  15 swamp worms
  A floating eye (Depths:4)
  A human zombie (Vaults:4)
  24 water moccasins
  4 acid dragons
  25 orc warriors
  11 swamp drakes
  2 ice beasts
  2 sky beasts
  15 ogres
  9 boggarts
  2 black bears (D:6)
  13 wolves
  13 centaurs
  2 phantoms (D:4)
  3 kobold brigands
  10 bullfrogs
  A human simulacrum (Depths:1)
  3 scorpions
  2 gnoll sergeants
  5 earth elementals
  3 wights
  3 small abominations (Abyss:2)
  3 killer bees (D:10)
  2 howler monkeys (D:10)
  2 electric eels
  A crimson imp (D:6)
  5 hounds
  A jelly (shapeshifter) (Vaults:5)
  24 orc priests
  2 iguanas (Lair:5)
  4 jellies (Lair:4)
  A gnoll bouda (D:6)
  A sleepcap (D:6)
  36 orc wizards
  4 hell rats (Lair:5)
  A lightning spire (Gauntlet)
  15 gnolls
  7 adders
  A shadow imp (Abyss:2)
  3 white imps
  3 ufetubi
  A worm (D:5)
  A dart slug (D:4)
  89 orcs
  8 endoplasms
  8 goblins
  8 hobgoblins
  3 jackals (D:4)
  20 kobolds
  5 quokkas
  8 ball pythons
  3 bats (D:1)
  2 frilled lizards
  5 rats
  3 starspawn tentacles (Abyss:2)
2116 creatures vanquished.

Vanquished Creatures (others)
  A deep elf death mage (Zig:11)
  A deep elf high priest (Elf:3)
  A juggernaut simulacrum (Zig:14)
  A boulder beetle (Depths:1)
  A spriggan berserker (Depths:3)
  A sun moth (Spider:4)
  2 deep elf pyromancers
  A deep elf zephyrmancer (Elf:3)
  2 bloated husks
  A glowing shapeshifter simulacrum (Zig:14)
  2 orc wizards (Orc:2)
  24 foxfires
  22 fungi
  45 plants
  4 starspawn tentacles (Abyss:2)
109 creatures vanquished.

Grand Total: 2225 creatures vanquished

Table legend:
 A = Non-vault XP
 B = Vault XP
 C = Vault XP percentage of total XP
 D = Non-vault monster count
 E = Vault monster count
 F = Vault count percentage of total count
                 A         B        C        D         E       F
            +---------+---------+-------+---------+---------+-------
      Total |  708746 |  465259 |  39.6 |    1417 |     683 |  32.5
            +---------+---------+-------+---------+---------+-------
        D:1 |      25 |       4 |  13.8 |      17 |       3 |  15.0
        D:2 |      78 |       2 |   2.5 |      19 |       1 |   5.0
        D:3 |      70 |      11 |  13.6 |      15 |       8 |  34.8
        D:4 |     448 |      90 |  16.7 |      19 |       2 |   9.5
        D:5 |     179 |     325 |  64.5 |       7 |       2 |  22.2
        D:6 |    1108 |      58 |   5.0 |      26 |       2 |   7.1
        D:7 |     453 |       0 |   0.0 |       4 |       0 |   0.0
        D:8 |    3064 |     182 |   5.6 |      16 |       2 |  11.1
        D:9 |    1956 |     673 |  25.6 |      29 |      16 |  35.6
       D:10 |    2005 |       0 |   0.0 |      17 |       0 |   0.0
       D:11 |    4878 |    5407 |  52.6 |      21 |      40 |  65.6
       D:12 |    7180 |    2282 |  24.1 |      21 |       7 |  25.0
       D:13 |    4066 |    2762 |  40.5 |      14 |      10 |  41.7
       D:14 |    9493 |    3677 |  27.9 |      28 |       5 |  15.2
       D:15 |   16404 |    2310 |  12.3 |      28 |       4 |  12.5
     Lair:1 |    2334 |    1082 |  31.7 |       9 |       4 |  30.8
     Lair:2 |    3943 |    1113 |  22.0 |      19 |       7 |  26.9
     Lair:3 |    5399 |    4445 |  45.2 |      23 |      11 |  32.4
     Lair:4 |    3726 |     170 |   4.4 |      13 |       4 |  23.5
     Lair:5 |   11513 |   14718 |  56.1 |      37 |      50 |  57.5
    Swamp:1 |   10311 |    1345 |  11.5 |      18 |       1 |   5.3
    Swamp:2 |    9181 |       0 |   0.0 |      18 |       0 |   0.0
    Swamp:3 |    5840 |       0 |   0.0 |      12 |       0 |   0.0
    Swamp:4 |   11798 |   24192 |  67.2 |      26 |      35 |  57.4
   Spider:1 |   20474 |       0 |   0.0 |      58 |       0 |   0.0
   Spider:2 |   15504 |       0 |   0.0 |      48 |       0 |   0.0
   Spider:3 |   20499 |    5172 |  20.1 |      51 |       9 |  15.0
   Spider:4 |   21481 |   13369 |  38.4 |      55 |      19 |  25.7
    Slime:1 |    8406 |       0 |   0.0 |      13 |       0 |   0.0
    Slime:2 |     919 |       0 |   0.0 |       3 |       0 |   0.0
    Slime:3 |    6758 |       0 |   0.0 |      19 |       0 |   0.0
    Slime:4 |    5823 |       0 |   0.0 |      15 |       0 |   0.0
    Slime:5 |   10217 |   20778 |  67.0 |      13 |      15 |  53.6
      Orc:1 |    2067 |       0 |   0.0 |      41 |       0 |   0.0
      Orc:2 |    4429 |    7690 |  63.5 |      29 |      32 |  52.5
      Elf:1 |   13810 |    3908 |  22.1 |      20 |       6 |  23.1
      Elf:2 |   18956 |   28850 |  60.3 |      34 |      38 |  52.8
      Elf:3 |   13965 |   39510 |  73.9 |      27 |      34 |  55.7
   Vaults:1 |   35148 |   11318 |  24.4 |      43 |      18 |  29.5
   Vaults:2 |   26013 |   27014 |  50.9 |      37 |      36 |  49.3
   Vaults:3 |   28885 |   14538 |  33.5 |      48 |      17 |  26.2
   Vaults:4 |   31342 |   63143 |  66.8 |      51 |      73 |  58.9
   Vaults:5 |   17629 |   62083 |  77.9 |      21 |      52 |  71.2
   Depths:1 |   23710 |    8407 |  26.2 |      30 |      13 |  30.2
   Depths:2 |   11289 |   45868 |  80.2 |      13 |      53 |  80.3
   Depths:3 |   14852 |   11779 |  44.2 |      15 |      14 |  48.3
   Depths:4 |   40981 |   20569 |  33.4 |      36 |      18 |  33.3
    Abyss:2 |   17888 |     643 |   3.5 |      28 |       1 |   3.4
      Zig:1 |     892 |       0 |   0.0 |       2 |       0 |   0.0
      Zig:2 |    2104 |       0 |   0.0 |       3 |       0 |   0.0
      Zig:3 |    8813 |       0 |   0.0 |      19 |       0 |   0.0
      Zig:4 |    5093 |       0 |   0.0 |       4 |       0 |   0.0
      Zig:5 |    6177 |       0 |   0.0 |       7 |       0 |   0.0
      Zig:6 |    6469 |       0 |   0.0 |      10 |       0 |   0.0
      Zig:7 |    5786 |       0 |   0.0 |      17 |       0 |   0.0
      Zig:8 |   12596 |       0 |   0.0 |      11 |       0 |   0.0
      Zig:9 |   14081 |       0 |   0.0 |      12 |       0 |   0.0
     Zig:10 |   13123 |       0 |   0.0 |      12 |       0 |   0.0
     Zig:11 |   17876 |       0 |   0.0 |      17 |       0 |   0.0
     Zig:12 |   15123 |    2777 |  15.5 |      18 |       4 |  18.2
     Zig:13 |   22203 |       0 |   0.0 |      21 |       0 |   0.0
     Zig:14 |   17779 |       0 |   0.0 |      15 |       0 |   0.0
     Zig:15 |   24103 |       0 |   0.0 |      36 |       0 |   0.0
     Zig:16 |    8923 |       0 |   0.0 |       7 |       0 |   0.0
   Gauntlet |       0 |    4391 | 100.0 |       0 |      11 | 100.0
      Arena |    1108 |    8604 |  88.6 |       2 |       6 |  75.0
            +---------+---------+-------+---------+---------+-------

Illustrated notes

Table legend:
 A = Kills in this place as a percentage of kills in the entire game.
 B = Kills by you in this place as a percentage of kills by you in the entire game.
 C = Kills by friends in this place as a percentage of kills by friends in the entire game.
 D = Other kills in this place as a percentage of other kills in the entire game.
 E = Experience gained in this place as a percentage of experience gained in the entire game.
 F = Experience gained in this place divided by the number of levels of this place that you have seen.
                   A       B       C       D       E      F
               +-------+-------+-------+-------+-------+----------------------
         Total | 100.0 | 100.0 |   N/A | 100.0 | 100.0 | 15447.4
       Dungeon |  18.2 |  18.3 |   N/A |   0.0 |   5.9 | 4612.7
          Lair |   8.4 |   8.5 |   N/A |   0.0 |   4.1 | 9688.6
         Swamp |   5.2 |   5.3 |   N/A |   0.0 |   5.3 | 15666.8
   Spider Nest |  11.4 |  11.4 |   N/A |  14.3 |   8.2 | 24124.8
    Slime Pits |   3.7 |   3.7 |   N/A |   0.0 |   4.5 | 10580.2
  Orcish Mines |   4.9 |   4.9 |   N/A |   0.0 |   1.2 | 7093.0
   Elven Halls |   7.6 |   7.4 |   N/A |  57.1 |  10.1 | 39666.3
        Vaults |  18.9 |  18.9 |   N/A |   0.0 |  27.0 | 63422.6
        Depths |   9.1 |   9.1 |   N/A |  14.3 |  15.1 | 44363.8
         Abyss |   1.4 |   1.4 |   N/A |   0.0 |   1.6 | 9265.5
      Ziggurat |  10.2 |  10.2 |   N/A |  14.3 |  15.7 | 11494.9
      Gauntlet |   0.5 |   0.5 |   N/A |   0.0 |   0.4 | 4391.0
         Arena |   0.4 |   0.4 |   N/A |   0.0 |   0.8 | 1214.0
               +-------+-------+-------+-------+-------+----------------------

Table legend: (Time is in decaauts)
 A = Elapsed time spent in this place.
 B = Non-inter-level travel time spent in this place.
 C = Inter-level travel time spent in this place.
 D = Time resting spent in this place.
 E = Time spent auto-exploring this place.
 F = Levels seen in this place.
 G = Mean time per level.
                   A        B        C        D        E       F      G
               +--------+--------+--------+--------+--------+-----+--------+
         Total |  57057 |  52871 |   4186 |   6729 |  34466 |  76 |  750.8 |
       Dungeon |  15064 |  13330 |   1734 |    710 |   9991 |  15 | 1004.3 |
        Temple |    203 |    165 |     38 |      0 |    147 |   1 |  203.0 |
          Lair |   5492 |   4916 |    576 |    215 |   3612 |   5 | 1098.4 |
         Swamp |   3247 |   3186 |     61 |    190 |   2486 |   4 |  811.8 |
   Spider Nest |   5018 |   4732 |    286 |    114 |   3652 |   4 | 1254.5 |
    Slime Pits |   1310 |   1265 |     45 |    655 |     88 |   5 |  262.0 |
  Orcish Mines |   2282 |   1867 |    415 |    264 |   1123 |   2 | 1141.0 |
   Elven Halls |   4286 |   3969 |    317 |    192 |   2746 |   3 | 1428.7 |
        Vaults |  10839 |  10286 |    553 |   1686 |   6721 |   5 | 2167.8 |
        Depths |   5088 |   4931 |    157 |    832 |   3094 |   4 | 1272.0 |
         Abyss |    435 |    435 |      0 |     73 |    184 |   2 |  217.5 |
      Ziggurat |   3184 |   3184 |      0 |   1683 |    443 |  16 |  199.0 |
         Trove |     43 |     43 |      0 |      0 |      0 |   1 |   43.0 |
      Gauntlet |    410 |    410 |      0 |     70 |    163 |   1 |  410.0 |
         Arena |    151 |    151 |      0 |     42 |     15 |   8 |   18.9 |
               +--------+--------+--------+--------+--------+-----+--------+

Top non-repeatable levels by time:
Vaults:4: 3162 daAuts
Vaults:1: 2128 daAuts
Vaults:3: 1925 daAuts
Vaults:5: 1877 daAuts
Spider:1: 1829 daAuts
Vaults:2: 1744 daAuts
    D:10: 1652 daAuts
   Elf:2: 1576 daAuts
   Orc:2: 1525 daAuts
   Elf:3: 1494 daAuts
  Lair:5: 1437 daAuts
Depths:3: 1421 daAuts
Depths:4: 1406 daAuts
Depths:2: 1401 daAuts
    D:11: 1401 daAuts
